 Dungeon Crawl Stone Soup version 0.22.0-60-ga52c2fc (webtiles) character file.

46 lysyklops the Gusty (level 3, 0/19 HPs)
             Began as a Tengu Air Elementalist on Sept 10, 2018.
             Succumbed to an adder's poison
             ... on level 2 of the Dungeon.
             The game lasted 00:07:24 (1527 turns).

lysyklops the Gusty (Tengu Air Elementalist)        Turns: 1527, Time: 00:07:25

Health: 0/19       AC:  2    Str:  8    XL:     3   Next: 68%
Magic:  0/7        EV: 12    Int: 16    God:
Gold:   67         SH:  0    Dex: 14    Spells: 6/7 levels left

rFire    . . .     SeeInvis .   l - +0 whip
rCold    . . .     Gourm    .   (no shield)
rNeg     . . .     Faith    .   a - +0 robe
rPois    .         Spirit   .   (helmet restricted)
rElec    .         Reflect  .   (no cloak)
rCorr    .         Harm     .   (no gloves)
MR       .....                  (boots unavailable)
Stlth    ++........             (no amulet)
HPRegen  0.06/turn              (no ring)
MPRegen  0.10/turn              (no ring)

@: lethally poisoned (0 -> -9)
A: beak, talons 3
a: no special abilities


You were on level 2 of the Dungeon.
You were hungry.

You visited 1 branch of the dungeon, and saw 2 of its levels.

You collected 67 gold pieces.

Inventory:

Hand Weapons
 j - a +2 whip of flaming
 l - a +0 whip (weapon)
Armour
 a - a +0 robe (worn)
Scrolls
 d - 3 scrolls of remove curse {unknown}
 f - a scroll of fear {unknown}
 m - a scroll of enchant armour {unknown}
 n - a scroll of teleportation {unknown}
Potions
 b - a potion of lignification {unknown}
 e - a potion of might {unknown}
 g - a potion of ambrosia {unknown}
 h - a potion of brilliance {unknown}
 i - a potion of curing {unknown}
 k - a potion of flight {unknown}
 o - a potion of magic {unknown}
Comestibles
 c - 3 rations


   Skills:
 + Level 0.3 Maces & Flails
 - Level 2.1 Dodging
 - Level 2.0 Stealth
 + Level 2.5 Spellcasting
 + Level 2.8 Conjurations
 + Level 4.8 Air Magic


You had 6 spell levels left.
You knew the following spells:

 Your Spells              Type           Power        Failure   Level  Hunger
a - Shock                 Conj/Air       ##..         4%          1    #......

Your spell library contained the following spells:

 Spells                   Type           Power        Failure   Level  Hunger
 Swiftness                Chrm/Air       #.......     11%         2    ##.....
 Static Discharge         Conj/Air       ##......     12%         3    ###....
 Airstrike                Air            ###.......   26%         4    #####..
 Lightning Bolt           Conj/Air       ##........   75%         5    ######.


Dungeon Overview and Level Annotations

Branches:
Dungeon (2/15)

Altars:


Innate Abilities, Weirdness & Mutations

You have a beak for a mouth.
You have claws for feet.


Message History

Press: ? - help, Shift-Dir - straight line, f/p - adder
Aim: an adder (almost dead)
The zap misses the adder.
You feel sick. The adder barely misses you.
The adder bites you but does no damage.
Casting: Shock (safe; 4% risk of failure)
Confirm with . or Enter, or press ? or * to list all spells.
Aiming: Shock (safe; 4% risk of failure)
Press: ? - help, Shift-Dir - straight line, f/p - adder
Aim: an adder (almost dead)
The zap misses the adder.
The adder bites you.
* * * LOW HITPOINT WARNING * * *
You are lethally poisoned!
The adder poisons you!
* * * LOW HITPOINT WARNING * * *
You feel sick. The adder bites you.
* * * LOW HITPOINT WARNING * * *
You miss the adder. Your kick misses the adder. Your peck misses the adder.
The adder is severely wounded.
You die...

##### ######## #...#
.......############.##
.......#........@S...#
................>..#.####
).......#..........[.......>
..<.....###.####............
.........##.#...............
.......#......##............
.......#..##..##..†.........
.......##.##..##....†.......
#####.........##............


You could see an adder.

Vanquished Creatures
  An adder (D:2)
  An adder skeleton (D:2)
  3 dart slugs (D:1)
  2 bats
  3 giant cockroaches
  3 goblins (D:2)
  4 hobgoblins
  A ball python (D:1)
  3 frilled lizards
  5 kobolds
  4 rats (D:1)
30 creatures vanquished.

Notes
Turn   | Place    | Note
-------+----------+-------------------------------------------
     0 | D:1      | lysyklops the Tengu Air Elementalist began the quest for
                  | the Orb.
     0 | D:1      | Reached XP level 1. HP: 10/10 MP: 4/4
   374 | D:1      | Reached XP level 2. HP: 15/15 MP: 1/6
   979 | D:2      | Reached XP level 3. HP: 19/19 MP: 5/7
  1527 | D:2      | Succumbed to an adder's poison

Skill      XL: |  1  2 |
---------------+-------+-----
Conjurations   | 2 |  2.8
Maces & Flails | |  0.3
Dodging        | |  2.1
Stealth        | |  2.0
Spellcasting   | |  2.5
Air Magic      | |  4.8

Action                   || total
-------------------------++-------
Melee: Club              ||     2
       Whip              ||     7
       Kick              ||     2
 Cast: Shock             ||    80
  Eat: Chunk             ||     2
Armor: Robe              ||     5
Dodge: Dodged            ||    22
